 Dungeon Crawl Stone Soup version 0.25-a0-578-gc91f01c39c (webtiles) character file.

Game seed: 8434997088211569184, levelgen mode: deterministic

235 Apogee the Chopper (level 5, -2/45 HPs)
             Began as a Minotaur Fighter on Mar 6, 2020.
             Was a Believer of Vehumet.
             Slain by Pikel
             ... wielding a +1 whip of flaming
              (7 damage)
             ... on level 4 of the Dungeon.
             The game lasted 00:06:29 (2251 turns).

Apogee the Chopper (Minotaur Fighter)               Turns: 2251, Time: 00:06:30

Health: -2/45      AC:  9    Str: 22    XL:     5   Next: 76%
Magic:  4/4        EV:  9    Int:  5    God:    Vehumet [**....]
Gold:   207        SH:  4    Dex:  9    Spells: 3/4 levels left

rFire    + . .     SeeInvis .   a - +1 war axe
rCold    x . .     Gourm    .   (no shield)
rNeg     . . .     Faith    .   b - +0 scale mail
rPois    .         Spirit   .   (helmet restricted)
rElec    .         Reflect  +   w - +0 cloak
rCorr    .         Harm     .   o - +0 pair of gloves
MR       +....                  (no boots)
Stlth    ..........             x - +4 amulet of reflection
HPRegen  0.15/turn              h - ring of fire
MPRegen  0.09/turn              m - ring of protection from magic

@: no status effects
A: retaliatory headbutt, horns 2
a: Renounce Religion


You were on level 4 of the Dungeon.
You worshipped Vehumet.
Vehumet was pleased with you.
You were not hungry.

You visited 1 branch of the dungeon, and saw 4 of its levels.

You collected 207 gold pieces.

Inventory:

Hand Weapons
 a - a +1 war axe (weapon)
Missiles
 v - 15 boomerangs (quivered)
Armour
 b - a +0 scale mail (worn)
 c - a +0 kite shield
 g - a +0 buckler
 l - a cursed +0 leather armour
 o - a +0 pair of gloves (worn)
 w - a +0 cloak (worn)
 E - a +2 leather armour of magic resistance
Jewellery
 h - a ring of fire (left hand)
 m - a ring of protection from magic (right hand)
 r - an uncursed amulet of the gourmand
 x - a +4 amulet of reflection (around neck)
Wands
 F - a wand of flame (21)
Scrolls
 j - a scroll of fog
 n - a scroll of amnesia
 p - a scroll of identify
 s - a scroll of immolation
Potions
 d - a potion of might
 e - 2 potions of invisibility {unknown}
 i - a potion of ambrosia {unknown}
 k - a potion of mutation {unknown}
 t - a potion of degeneration {unknown}
 u - a potion of magic {unknown}
 z - a potion of brilliance {unknown}
 B - 2 potions of stabbing {unknown}
 C - 2 potions of heal wounds {unknown}
Comestibles
 f - 6 rations
 q - 4 chunks of flesh


   Skills:
 - Level 3.6 Fighting
 + Level 7.4 Axes
 - Level 3.6 Armour
 - Level 3.6 Shields


You had 3 spell levels left.
You knew the following spells:

 Your Spells              Type           Power        Failure   Level  Hunger
a - Magic Dart            Conj           #...         80%         1    ##.....
Your spell library was empty.

Dungeon Overview and Level Annotations

Branches:
Dungeon (4/15)
 Temple: D:4-7

Altars:
Fedhas
Vehumet

Annotations:
D:4 Pikel


Innate Abilities, Weirdness & Mutations

You reflexively headbutt those who attack you in melee.
You have a pair of horns on your head.


Message History

Pikel is severely wounded.
You hit the slave. You hit the slave but do no damage.
You barely miss the slave. You hit the slave. You closely miss the worker ant.
The slave hits you. x2
* * * LOW HITPOINT WARNING * * *
The worker ant completely misses you. You furiously retaliate!
You headbutt the worker ant. You block Pikel's attack.
You block the slave's attack. The slave barely misses you. The slave hits you!
* * * LOW HITPOINT WARNING * * *
The slave hits you but does no damage.
You hit Pikel.
Pikel is almost dead.
You hit the worker ant. You slash the slave!
You kill the slave!
That felt strangely unrewarding.
You hit the slave. You closely miss the slave. x2
The worker ant bites you.
* * * LOW HITPOINT WARNING * * *
The slave hits you but does no damage.
Pikel hits you with a +1 whip of flaming!
You die...

.......#.#...
............#.#.# #####
...............# ..... #
.....!..#.....#......
..##......##.....#.?....
#................^..._..
#...... #........#......
#.....K###.......# .....
......a@p..†.....# ....
.......pp........####^##
###................)....
#............###.###..
#.....##.......#...#..
#........##...........
#......####...<..#.###
..#...# #..........#
..##.. #.##......##


You could see Pikel, 3 slaves and a worker ant.

Vanquished Creatures
  A slave (D:4)
  An ogre (D:4)
  Ijyb (D:3)
  4 adders
  3 worms
  5 dart slugs
  2 leopard geckos
  An orc (D:3)
  A ball python (D:3)
  5 giant cockroaches
  10 goblins
  8 hobgoblins
  4 jackals (D:2)
  5 kobolds
  4 quokkas (D:2)
  4 bats
  6 frilled lizards
  2 rats (D:1)
67 creatures vanquished.

Notes
Turn   | Place    | Note
-------+----------+-------------------------------------------
     0 | D:1      | Apogee the Minotaur Fighter began the quest for the Orb.
     0 | D:1      | Reached XP level 1. HP: 19/19 MP: 0/0
    41 | D:1      | Reached skill level 3 in Axes
   130 | D:1      | Reached XP level 2. HP: 26/26 MP: 1/1
   319 | D:1      | Reached skill level 4 in Axes
   367 | D:1      | Reached XP level 3. HP: 20/31 MP: 2/2
   581 | D:2      | Found a faded altar of an unknown god.
   750 | D:2      | Became a worshipper of Vehumet
   750 | D:2      | Reached * piety under Vehumet
   750 | D:2      | Offered knowledge of Sandblast by Vehumet.
  1007 | D:2      | Reached skill level 5 in Axes
  1121 | D:2      | Reached XP level 4. HP: 39/39 MP: 3/3
  1479 | D:3      | Offered knowledge of Magic Dart by Vehumet.
  1482 | D:3      | Learned a level 1 spell: Magic Dart
  1550 | D:3      | Noticed Ijyb
  1579 | D:3      | Killed Ijyb
  1579 | D:3      | Reached ** piety under Vehumet
  1579 | D:3      | Reached skill level 6 in Axes
  1807 | D:3      | Reached XP level 5. HP: 37/45 MP: 4/4
  2200 | D:4      | Noticed an ogre
  2202 | D:4      | Found a blossoming altar of Fedhas.
  2218 | D:4      | Killed an ogre
  2218 | D:4      | Reached skill level 7 in Axes
  2225 | D:4      | Noticed a slave
  2225 | D:4      | Noticed a slave
  2228 | D:4      | Noticed Pikel
  2238 | D:4      | Noticed a slave
  2239 | D:4      | Noticed a slave
  2251 | D:4      | Killed a slave
  2251 | D:4      | Slain by Pikel

Levels and vault maps discovered:
D:1:      scummos_arrival_simple_fountains, layout_basic
D:2:      layout_basic, chequers_ecumenical_altar_island
D:3:      layout_basic, first_ration, uniq_ijyb
D:4:      layout_cave_pools, minmay_temple_entry_poolview, lemuel_tele_altar,
          uniq_pikel

Skill      XL: |  1  2  3  4  5 |
---------------+----------------+-----
Axes           | 3 4 5 6 7 |  7.4
Fighting       | |  3.6
Armour         | |  3.6
Shields        | |  3.6

Action                   |  1- 3 |  4- 6 || total
-------------------------+-------+-------++-------
Melee: War axe           |    73 |    77 ||   150
       Headbutt          |    13 |    13 ||    26
  Use: Scroll            |     1 |     7 ||     8
  Eat: Chunk             |       |     3 ||     3
       Ration            |       |     1 ||     1
Armor: Scale mail        |    40 |    38 ||    78
Dodge: Dodged            |    39 |    39 ||    78
Block: Other             |       |    14 ||    14

Table legend:
 A = Non-vault XP
 B = Vault XP
 C = Vault XP percentage of total XP
 D = Non-vault monster count
 E = Vault monster count
 F = Vault count percentage of total count
                 A         B        C        D         E       F
            +---------+---------+-------+---------+---------+-------
      Total |     300 |      36 |  10.7 |      65 |       1 |   1.5
            +---------+---------+-------+---------+---------+-------
        D:1 |      45 |       0 |   0.0 |      25 |       0 |   0.0
        D:2 |      53 |       0 |   0.0 |      18 |       0 |   0.0
        D:3 |      78 |      36 |  31.6 |      20 |       1 |   4.8
        D:4 |     124 |       0 |   0.0 |       2 |       0 |   0.0
            +---------+---------+-------+---------+---------+-------
